 Dungeon Crawl Stone Soup version 0.30-a0-1018-g25214051b3 (webtiles) character file.

Game seed: 8408445644610700148

98 Newt the Shooter (level 5, -11/35 HPs)
             Began as a Kobold Hunter on Apr 7, 2023.
             Killed by an exploding Grinder (34 damage)
             ... ignited by their inner flame
             ... on level 3 of the Dungeon.
             The game lasted 00:02:26 (2009 turns).

Newt the Shooter (Kobold Hunter)                    Turns: 2009, Time: 00:02:27

Health: -11/35     AC:  6    Str:  9    XL:     5   Next: 1%
Magic:  5/5        EV: 14    Int: 10    God:
Gold:   99         SH:  0    Dex: 20    Spells: 4/4 levels left

rFire   . . .      SeeInvis .    a - +0 shortbow
rCold   . . .      Faith    .    (shield currently unavailable)
rNeg    + . .      Spirit   .    k - +2 leather armour {rN+}
rPois   .          Reflect  .    (no helmet)
rElec   .          Rampage  .    (no cloak)
rCorr   .                        g - +0 pair of gloves
Will    .....                    (no boots)
Stlth   +++                      (no amulet)
HPRegen 0.25/turn                (no ring)
MPRegen 0.09/turn                (no ring)

@: no status effects
A: small, no large weapons, nightstalker 3
a: no special abilities


You were on level 3 of the Dungeon.
You visited 1 branch of the dungeon, and saw 3 of its levels.

You collected 99 gold pieces.

Inventory:

Hand Weapons
 a - a +0 shortbow (weapon)
Armour
 c - a +0 leather armour
 g - a +0 pair of gloves (worn)
 k - a +2 leather armour of positive energy (worn)
Jewellery
 h - a ring of ice
Potions
 d - 2 potions of brilliance {unknown}
 e - a potion of ambrosia {unknown}
 f - a potion of lignification
 i - a potion of mutation {unknown}
 j - a potion of heal wounds


   Skills:
 - Level 5.0 Fighting
 + Level 5.6 Ranged Weapons
 - Level 2.4 Dodging
 - Level 1.3 Stealth


You had 4 spell levels left.
You didn't know any spells.
Your spell library contained the following spells:

 Spells                   Type           Power      Damage    Failure   Level
 Scorch                   Fire           0%         2d5       63%         2
 Gell's Gravitas          Tloc           0%         N/A       85%         3
 Teleport Other           Tloc           0%         N/A       85%         3
 Flame Wave               Conj/Fire      0%         2d4       99%         4
 Dispersal                Tloc           0%         N/A       100%        6
 Summon Cactus Giant      Summ           0%         N/A       100%        6


Dungeon Overview and Level Annotations

Branches:
Dungeon (3/15)

Altars:

Shops:
D:2 ?[


Innate Abilities, Weirdness & Mutations

You are small and have problems with some larger weapons.
You are completely attuned to the shadows.


Message History

Grinder gestures at you.
You suddenly lose the ability to move!
Grinder gestures at you. Pain shoots through your body!
You can move again.
Unknown command.
Unknown command.
Unknown command.
Really read the scroll of immolation?
As you read the scroll of immolation, it crumbles to dust.
The creatures around you are filled with an inner flame!
Grinder misses you.
Unknown command.
You shoot an arrow. The arrow closely misses Grinder.
Grinder closely misses you. Grinder hits you.
You writhe in agony.
Unknown command.
You shoot an arrow.
The arrow hits Grinder but does no damage.
Grinder is lightly wounded.
Grinder closely misses you.
Unknown command.
You shoot an arrow. The arrow hits Grinder.
Flame seeps out of Grinder.
Grinder is lightly wounded.
Grinder is engulfed in blazing flames.
Flame seeps out of Grinder.
Grinder barely misses you.
Unknown command.
You shoot an arrow. The arrow hits Grinder.
Flame seeps out of Grinder.
Grinder is moderately wounded.
Grinder is engulfed in blazing flames.
Flame seeps out of Grinder.
Grinder hits you.
You writhe in agony.
Unknown command.
You shoot an arrow.
The arrow hits Grinder but does no damage.
Grinder is heavily wounded.
Grinder is engulfed in blazing flames.
Flame seeps out of Grinder.
Grinder misses you.
Grinder is engulfed in blazing flames.
Grinder explodes!
The fiery explosion engulfs you!!
Ouch! That really hurt!
You die...

######
###########.....
#...............
#######.##.....#.....
...§....##.....#.....
..§°@...########)....
..§§§.......####.####
................>#
..............##.#
..............##.#
.....##.# .(...##.#
.....##.# .....##.#


There were no monsters in sight!

Vanquished Creatures
  Grinder (D:3)
  Terence (D:3)
  2 adders (D:2)
  5 bats
  9 endoplasms
  3 giant cockroaches
  5 goblins
  A hobgoblin (D:1)
  4 jackals
  6 kobolds
  3 quokkas
  3 ball pythons
  A frilled lizard (D:1)
  8 rats
52 creatures vanquished.

Notes
Turn   | Place    | Note
-------+----------+-------------------------------------------
     0 | D:1      | Newt the Kobold Hunter began the quest for the Orb.
     0 | D:1      | Reached XP level 1. HP: 12/12 MP: 1/1
   146 | D:1      | Reached XP level 2. HP: 18/18 MP: 2/2
   644 | D:1      | Reached XP level 3. HP: 23/23 MP: 3/3
   922 | D:2      | Found The Oracle's Delphic Readings.
  1004 | D:2      | Found Voxu's Antique Armour Emporium.
  1217 | D:2      | Reached XP level 4. HP: 11/30 MP: 4/4
  1878 | D:3      | Noticed Terence
  1887 | D:3      | Killed Terence
  1888 | D:3      | Reached skill level 5 in Fighting
  1960 | D:3      | Reached XP level 5. HP: 35/35 MP: 5/5
  1998 | D:3      | Noticed Grinder
  1999 | D:3      | Paralysed by Grinder for 5 turns
  2009 | D:3      | Killed Grinder
  2009 | D:3      | Killed by an exploding Grinder... ignited by their inner
                  | flame

Illustrated notes

Levels and vault maps discovered:
D:1:      minmay_arrival_floating_metal, layout_basic, minmay_splitting_lines
D:2:      minmay_spotlight, layout_loops_cross, serial_shops,
          nicolae_diamond_shop, corexii_leaking_fountain, kennysheep_doodads,
          nicolae_nh_oracle_at_delphi
D:3:      layout_basic, kennysheep_decorative_pillar, uniq_terence, uniq_grinder

Skill      XL: |  1  2  3  4 |
---------------+-------------+-----
Fighting       | 3 4 5 |  5.0
Ranged Weapons | |  5.6
Dodging        | |  2.4
Stealth        | |  1.3

Action                     |  1- 3 |  4- 6 || total
---------------------------+-------+-------++-------
   Fire: Shortbow          |   101 |    27 ||   128
    Use: Scroll            |     6 |     2 ||     8
 Armour: Leather armour    |    12 |     2 ||    14
  Dodge: Dodged            |    50 |    14 ||    64

Table legend: (Time is in decaauts)
 A = Elapsed time spent in this place.
 B = Non-inter-level travel time spent in this place.
 C = Inter-level travel time spent in this place.
 D = Time resting spent in this place.
 E = Time spent auto-exploring this place.
 F = Levels seen in this place.
 G = Mean time per level.
                   A        B        C        D        E       F      G
               +--------+--------+--------+--------+--------+-----+--------+
         Total |   2046 |   1990 |     56 |    178 |   1530 |   3 |  682.0 |
       Dungeon |   2046 |   1990 |     56 |    178 |   1530 |   3 |  682.0 |
               +--------+--------+--------+--------+--------+-----+--------+

Top non-repeatable levels by time:
     D:2: 1077 daAuts
     D:1: 814 daAuts
     D:3: 154 daAuts
